 Dungeon Crawl Stone Soup version 0.28-a0-317-g21599a725c (webtiles) character file.

Game seed: 15286661095935845633

101 AarnesTheHuman the Chiller (level 4, -1/34 HPs)
             Began as a Barachi Ice Elementalist on Sept 1, 2021.
             Slain by a phantom (3 damage)
             ... on level 3 of the Dungeon.
             The game lasted 00:03:46 (3276 turns).

AarnesTheHuman the Chiller (BaIE)                   Turns: 3276, Time: 00:03:46

Health: -1/34      AC:  2    Str:  9    XL:     4   Next: 75%
Magic:  2/8        EV: 12    Int: 16    God:
Gold:   67         SH:  0    Dex: 13    Spells: 8/9 levels left

rFire   . . .      SeeInvis .   m - +0 quarterstaff
rCold   . . .      Faith    .   (shield currently unavailable)
rNeg    . . .      Spirit   .   a - +0 robe
rPois   .          Reflect  .   (no helmet)
rElec   .          Harm     .   (no cloak)
rCorr   .          Rampage  .   (no gloves)
Will    .....                   (no boots)
Stlth   ++........              (no amulet)
HPRegen 0.11/turn               (no ring)
MPRegen 0.11/turn               (no ring)

@: slow
A: amphibious, slowness 1, strong legs 1, +LOS
a: Hop


You were on level 3 of the Dungeon.
You visited 1 branch of the dungeon, and saw 4 of its levels.

You collected 67 gold pieces.

Inventory:

Hand Weapons
 b - a +0 spear
 m - a +0 quarterstaff (weapon)
Missiles
 f - 10 poisoned darts
 h - 69 stones
 o - a throwing net
Armour
 a - a +0 robe (worn)
Scrolls
 c - 3 scrolls of vulnerability {unknown}
 d - 4 scrolls of identify {unknown}
 e - a scroll of teleportation {unknown}
 g - a scroll of summoning {unknown}
 j - a scroll of enchant armour {unknown}
 k - a scroll of amnesia {unknown}
Potions
 i - a potion of heal wounds {unknown}
 l - 2 potions of curing {unknown}
 n - 2 potions of lignification {unknown}


   Skills:
 + Level 2.4 Fighting
 - Level 2.1 Dodging
 - Level 1.7 Stealth
 + Level 3.0 Spellcasting
 * Level 6.1 Ice Magic


You had 8 spell levels left.
You knew the following spells:

 Your Spells              Type           Power      Damage    Failure   Level
a - Freeze                Ice            88%        1d10      1%          1

Your spell library contained the following spells:

 Spells                   Type           Power      Damage    Failure   Level
 Frozen Ramparts          Ice            44%        1d6       4%          3
 Ozocubu's Armour         Ice            22%        N/A       4%          3
 Magic Dart               Conj           8%         1d3       19%         1
 Blink                    Tloc           N/A        N/A       28%         2
 Call Imp                 Summ           2%         N/A       28%         2
 Hailstorm                Conj/Ice       12%        3d5       47%         4
 Lesser Beckoning         Tloc           2%         N/A       50%         3
 Mephitic Cloud           Conj/Pois/Air  2%         N/A       50%         3
 Manifold Assault         Tloc           2%         N/A       99%         5


Dungeon Overview and Level Annotations

Branches:
Dungeon (4/15)
 Temple: D:4-7

Altars:


Innate Abilities, Weirdness & Mutations

You are amphibious.
You cover ground slowly.
You can hop short distances.
You have an extended range of vision and can be seen from far away.


Message History

Aiming: Freeze (safe; 1% risk of failure)
Press: ? - help, Shift-Dir - straight line, f/p - phantom
Aim: a phantom (lightly damaged)
You freeze the phantom.
The phantom resists.
The phantom is lightly damaged.
The phantom hits you.
* * * LOW HITPOINT WARNING * * *
Casting: Freeze (safe; 1% risk of failure)
Confirm with . or Enter, or press ? or * to list all spells.
Aiming: Freeze (safe; 1% risk of failure)
Press: ? - help, Shift-Dir - straight line, f/p - phantom
Aim: a phantom (lightly damaged)
You freeze the phantom but do no damage.
The phantom completely resists.
The phantom hits you.
* * * LOW HITPOINT WARNING * * *
Casting: Freeze (safe; 1% risk of failure)
Confirm with . or Enter, or press ? or * to list all spells.
Aiming: Freeze (safe; 1% risk of failure)
Press: ? - help, Shift-Dir - straight line, f/p - phantom
Aim: a phantom (lightly damaged)
You freeze the phantom.
The phantom resists.
The phantom is lightly damaged.
The phantom barely misses you.
Casting: Freeze (safe; 1% risk of failure)
Confirm with . or Enter, or press ? or * to list all spells.
Aiming: Freeze (safe; 1% risk of failure)
Press: ? - help, Shift-Dir - straight line, f/p - phantom
Aim: a phantom (lightly damaged)
You freeze the phantom.
The phantom resists.
The phantom is moderately damaged.
The phantom barely misses you.
Casting: Freeze (safe; 1% risk of failure)
Confirm with . or Enter, or press ? or * to list all spells.
Aiming: Freeze (safe; 1% risk of failure)
Press: ? - help, Shift-Dir - straight line, f/p - phantom
Aim: a phantom (moderately damaged)
You freeze the phantom.
The phantom resists.
The phantom is moderately damaged.
The phantom hits you.
You die...

#.# #...# .### ##.##
#####.######
..[###...####..........#
#.#.........##>###.####.#
#....##.......ยงยง....# #.#
##.## #.....###..#..# #.#
###.# ##...## #..#..# #.#
##<..## #.#########..#..#
#W# ##.....##
#....W@.....#....# #.#
#.......##.##########..##..#
#.# #..).........# #.###..#
#.# ...........#.## #.# #..#
#.# ..(...........#
#.###..###.# .##...#.##.#..#
#..........# # #####.##.#..#
#####..##### # #...<..#..#
#.. #####......#..########
#..


You could see a phantom.

Vanquished Creatures
  4 adders
  An adder skeleton (D:2)
  2 worms
  A dart slug (D:1)
  5 bats
  4 endoplasms
  2 giant cockroaches
  4 goblins
  3 hobgoblins
  2 jackals (D:2)
  3 kobolds
  4 quokkas
  7 ball pythons
  3 frilled lizards
  8 rats
53 creatures vanquished.

Vanquished Creatures (others)
  2 plants (D:2)
2 creatures vanquished.

Grand Total: 55 creatures vanquished

Notes
Turn   | Place    | Note
-------+----------+-------------------------------------------
     0 | D:1      | AarnesTheHuman the Barachi Ice Elementalist began the quest
                  | for the Orb.
     0 | D:1      | Reached XP level 1. HP: 13/13 MP: 3/3
   222 | D:1      | Reached skill level 5 in Ice Magic
   299 | D:1      | Found a faded altar of an unknown god.
   347 | D:1      | Reached XP level 2. HP: 19/20 MP: 3/5
   439 | D:1      | Reached skill level 1 in Fighting
  1468 | D:2      | Reached XP level 3. HP: 25/26 MP: 6/6
  2085 | D:2      | Reached XP level 4. HP: 26/33 MP: 4/8
  2911 | D:3      | Reached skill level 6 in Ice Magic
  3228 | D:3      | Noticed a phantom
  3276 | D:3      | Slain by a phantom

Illustrated notes

Levels and vault maps discovered:
D:1:      psy_arrival_terrarium, layout_basic,
          ebering_ecumenical_altar_sacrificial, kennysheep_small_spiral,
          serial_bayou_ford_a, minmay_tetromino_o4
D:2:      layout_basic, chequers_arboretum, minmay_shallow_snake_nest
D:3:      layout_loops_ring, trog_hazing_becter
D:4:      layout_loops_ring, minmay_misc_feat_rows, uniq_ijyb,
          uniq_blork_the_orc, uniq_natasha, uniq_edmund

Skill      XL: |  1  2  3  4 |
---------------+-------------+-----
Ice Magic      | 5 6 |  6.1
Fighting       | 1 2 |  2.4
Spellcasting   | 3 |  3.0
Dodging        | |  2.1
Stealth        | |  1.7

Action                   |  1- 3 |  4- 6 || total
-------------------------+-------+-------++-------
Melee: Spear             |    85 |    20 ||   105
       Quarterstaff      |       |    46 ||    46
 Cast: Freeze            |    25 |    17 ||    42
 Stab: Sleeping          |     4 |     1 ||     5
Armor: Robe              |    12 |    19 ||    31
Dodge: Dodged            |    50 |    49 ||    99

Table legend: (Time is in decaauts)
 A = Elapsed time spent in this place.
 B = Non-inter-level travel time spent in this place.
 C = Inter-level travel time spent in this place.
 D = Time resting spent in this place.
 E = Time spent auto-exploring this place.
 F = Levels seen in this place.
 G = Mean time per level.
                   A        B        C        D        E       F      G
               +--------+--------+--------+--------+--------+-----+--------+
         Total |   3725 |   3574 |    151 |    112 |   2946 |   4 |  931.2 |
       Dungeon |   3725 |   3574 |    151 |    112 |   2946 |   4 |  931.2 |
               +--------+--------+--------+--------+--------+-----+--------+

Top non-repeatable levels by time:
     D:1: 1673 daAuts
     D:2: 1484 daAuts
     D:3: 560 daAuts
     D:4: 6 daAuts
